AoeStats
← Jazzmushroom

Black Forest

506718937Analyzed
1v1 RM · 17d ago on Sep 14, 2026· 73m 17s· 2 players
Game mode
Random Map
Map size
Tiny (2 player)
Population
200
Speed
Normal
Resources
Standard
Victory
Conquest
Starting age
Dark Age
Ending age
Imperial Age
RankedLock teamsTeams togetherTeam positionsShared explorationLock speedFull tech treeHidden civsTurbo modeCheats
Victory
Defeat
🇦🇷 Teutons · Argentina
1425
+16
🇺🇸 Teutons · United States
1430
-16
Lord_calderon
0:37 Loom
12:08 Feudal Age
14:18 Fletching
15:08 Double-Bit Axe
16:37 Horse Collar
25:26 Castle Age
25:59 Wheelbarrow
26:31 Bow Saw
26:22 Heavy Plow
30:37 Stone Mining
30:39 Gold Mining
35:21 Imperial Age
33:55 Forging
34:48 Scale Barding Armor
35:01 Bloodlines
36:08 Chain Barding Armor
35:31 Cavalier
37:02 Stone Mining
38:50 Chemistry
37:40 Town Watch
38:45 Conscription
40:50 Plate Barding Armor
40:15 Padded Archer Armor
41:55 Iron Casting
41:36 Pikeman
42:56 Leather Archer Armor
43:10 Ballistics
42:58 Squires
42:59 Scale Mail Armor
44:09 Hand Cart
45:25 Blast Furnace
44:56 Ring Archer Armor
45:19 Gambesons
45:18 Halberdier
47:14 Chain Mail Armor
46:55 Bodkin Arrow
47:14 Masonry
49:56 Arson
49:33 Man-at-Arms
52:11 Long Swordsman
52:56 Two-Handed Swordsman
53:17 Elite Skirmisher
54:21 Champion
56:48 Two-Man Saw
56:42 Plate Mail Armor
55:42 Onager
61:56 Siege Engineers
66:05 Stone Shaft Mining
67:28 Arrowslits
67:17 Sappers
Jazzmushroom
0:40 Loom
12:04 Feudal Age
12:58 Double-Bit Axe
12:55 Horse Collar
18:52 Fletching
23:44 Castle Age
22:04 Gold Mining
24:50 Bow Saw
24:43 Heavy Plow
26:03 Wheelbarrow
26:22 Bodkin Arrow
29:55 Town Watch
31:45 Stone Mining
32:16 Hand Cart
36:26 Imperial Age
35:17 Scale Barding Armor
36:24 Bloodlines
37:33 Crenellations
37:33 Cavalier
38:35 Chain Barding Armor
38:27 Forging
39:45 Two-Man Saw
40:16 Chemistry
40:30 Siege Engineers
42:02 Plate Barding Armor
42:04 Iron Casting
45:46 Blast Furnace
44:48 Padded Archer Armor
44:26 Paladin
46:07 Ballistics
45:11 Elite Skirmisher
46:48 Leather Archer Armor
56:43 Ring Archer Armor
59:22 Conscription
61:50 Ironclad
69:17 Scale Mail Armor
71:56 Chain Mail Armor
Connection lost

Rejoining the realm…

Still unreachable

The connection could not be restored.

Session expired

The server has moved on; the page needs a fresh start.